 Dungeon Sprint DCSS version 0.30-a0-777-ga9a30cbeda (webtiles) character file.

Game seed: 2082820397707534169

23 PLAYERX the Frost Mage (level 2, 0/22 HPs)
             Began as a Gnoll Wanderer on Feb 13, 2023.
             Was an Initiate of Nemelex Xobeh.
             Slain by an adder zombie (2 damage)
             ... in the Dungeon (Sprint VII: "The Pits").
             The game lasted 00:04:53 (258 turns).

PLAYERX the Frost Mage (Gnoll Wanderer)              Turns: 258, Time: 00:04:54

Health: 0/22       AC:  2    Str: 10    XL:     2   Next: 95%
Magic:  6/6        EV: 11    Int: 14    God:    Nemelex Xobeh [......]
Gold:   0          SH:  4    Dex:  9    Spells: 7/7 levels left

rFire   . . .      SeeInvis .    a - +2 falchion
rCold   . . .      Faith    .    d - +0 buckler
rNeg    . . .      Spirit   .    c - +0 robe
rPois   .          Reflect  .    (no helmet)
rElec   .          Harm     .    (no cloak)
rCorr   .          Rampage  .    (no gloves)
Will    .....      NoTele   +    (no boots)
Stlth   ++                       (no amulet)
HPRegen 0.23/turn                (no ring)
MPRegen 0.10/turn                (no ring)

@: no status effects
A: fangs 1, strong nose, distributed training
a: Renounce Religion, Draw Escape, Draw Destruction, Draw Summoning


You were in the Dungeon.
You worshipped Nemelex Xobeh.
Nemelex Xobeh was noncommittal.
You visited 1 branch

Inventory:

Hand Weapons
 a - a +2 falchion (weapon)
Armour
 c - a +0 robe (worn)
 d - a +0 buckler (worn)
Scrolls
 b - a scroll of teleportation
 j - a scroll of blinking
 l - 5 scrolls of amnesia
 m - a scroll of butterflies
Potions
 e - a potion of curing
 f - a potion of heal wounds
 g - a potion of haste
 h - 4 potions of magic
 i - 3 potions of berserk rage
 k - 2 potions of invisibility


   Skills:
 + Level 1.7 Fighting
 + Level 1.7 Short Blades
 + Level 1.7 Long Blades
 + Level 1.7 Axes
 + Level 1.7 Maces & Flails
 + Level 1.7 Polearms
 + Level 1.7 Staves
 + Level 1.7 Ranged Weapons
 + Level 1.7 Throwing
 + Level 1.7 Armour
 + Level 1.7 Dodging
 + Level 1.7 Stealth
 + Level 3.1 Shields
 + Level 1.7 Unarmed Combat
 + Level 3.3 Spellcasting
 + Level 4.0 Conjurations
 + Level 1.3 Hexes
 + Level 1.3 Summonings
 + Level 1.3 Necromancy
 + Level 1.3 Translocations
 + Level 1.3 Transmutations
 + Level 1.3 Fire Magic
 + Level 8.9 Ice Magic
 + Level 1.3 Air Magic
 + Level 1.3 Earth Magic
 + Level 1.3 Poison Magic
 + Level 2.0 Invocations
 + Level 3.1 Evocations


You had 7 spell levels left.
You didn't know any spells.
Your spell library contained the following spells:

 Spells                   Type           Power      Damage    Failure   Level
 Freeze                   Ice            100%       1d10      1%          1
 Frozen Ramparts          Ice            54%        1d9       2%          3
 Ensorcelled Hibernation  Hex/Ice        32%        N/A       4%          2
 Hailstorm                Conj/Ice       20%        3d6       6%          3
 Kiss of Death            Conj/Necr      36%        2d8       9%          1


Dungeon Overview and Level Annotations

Branches:
Dungeon (1/1)

Altars:
Ashenzari
Cheibriados
Dithmenos
Elyvilon
Fedhas
Gozag
Hepliaklqana
Kikubaaqudgha
Makhleb
Nemelex Xobeh
Okawaru
Qazlal
Ru
Sif Muna
Trog
Uskayaw
Vehumet
Wu Jian
Xom
Yredelemnul
Zin
The Shining One
Jiyva
Lugonu


Innate Abilities, Weirdness & Mutations

You have very sharp teeth.
Your uncanny sense of smell can sniff out nearby items.
Your experience applies equally to all skills.


Message History

You hit the adder.
The adder is severely wounded.
You feel sick.
The jackal bites you but does no damage.
The adder zombie misses you. The adder closely misses you.
The jackal bites you.
You hit the adder.
You kill the adder!
You feel sick.
You are no longer poisoned.
The jackal closely misses you. The jackal misses you. The jackal bites you.
* * * LOW HITPOINT WARNING * * *
Your Shields skill increases to level 3!
Your Conjurations skill increases to level 4!
Your Invocations skill increases to level 2!
Your Evocations skill increases to level 3!
You slash the adder zombie!
The adder zombie is heavily damaged.
The jackal misses you. The jackal closely misses you.
You block the adder zombie's attack. The jackal barely misses you.
The jackal closely misses you. The adder zombie bites you.
* * * LOW HITPOINT WARNING * * *
You barely miss the adder zombie.
The adder zombie is heavily damaged.
The jackal barely misses you. The jackal misses you.
The adder zombie bites you.
* * * LOW HITPOINT WARNING * * *
The jackal barely misses you.
You slash the adder zombie!
The adder zombie is almost destroyed.
The jackal bites you.
* * * LOW HITPOINT WARNING * * *
The jackal barely misses you. The adder zombie closely misses you.
The jackal barely misses you. The jackal bites you.
* * * LOW HITPOINT WARNING * * *
You closely miss the adder zombie.
The adder zombie is almost destroyed.
The jackal closely misses you. The adder zombie bites you.
You die...
Your body disappears without a glow.

##########'##........
#.?(.')))'.##......#.
##########.##........
#...........'†.......
#+#####'#####......#.
#...#.#∆∆ #........
#...#.#∆∆ ####'####
#...†.#∆∆ #.......#
##@####∆∆ #.......#
#hZh..#∆∆ #.......#
#.Z...# #...<...#
#....... #.......#
#........##.......#
###########.......#
######### ∆∆∆∆


You could see an adder zombie, a quokka zombie and 2 jackals.

Vanquished Creatures
  2 adders (D)
  A bat zombie (D)
  A giant cockroach (D)
  A bat (D)
  A rat (D)
6 creatures vanquished.

Notes
Turn   | Place    | Note
-------+----------+-------------------------------------------
     0 | D        | PLAYERX the Gnoll Wanderer began the quest for the Orb.
     0 | D        | PLAYERX set off with the following items: a +0 club, a
                  | scroll of teleportation, a +0 robe, a +0 buckler, a potion
                  | of curing, a potion of heal wounds, a potion of haste, 2
                  | potions of magic, a potion of berserk rage, a scroll of
                  | blinking; and the following spells available to memorise:
                  | Freeze, Frozen Ramparts, Hailstorm, Ensorcelled
                  | Hibernation, Kiss of Death.
     0 | D        | Reached XP level 1. HP: 13/13 MP: 4/4
    38 | D        | Found a bloodstained altar of Trog.
    38 | D        | Found a shimmering blue altar of Sif Muna.
    38 | D        | Found a viscous altar of Jiyva.
    38 | D        | Found a hazy altar of Hepliaklqana.
    38 | D        | Found an opulent altar of Gozag.
    64 | D        | Found a glowing golden altar of the Shining One.
    64 | D        | Found a glowing silver altar of Zin.
    64 | D        | Found a basalt altar of Yredelemnul.
    64 | D        | Found a shimmering altar of Xom.
    64 | D        | Found an ornate altar of the Wu Jian Council.
    64 | D        | Found a sacrificial altar of Ru.
    64 | D        | Found a stormy altar of Qazlal.
    64 | D        | Found an iron altar of Okawaru.
    64 | D        | Found a sparkling altar of Nemelex Xobeh.
    64 | D        | Found a burning altar of Makhleb.
    64 | D        | Found a blossoming altar of Fedhas.
    64 | D        | Found a white marble altar of Elyvilon.
    64 | D        | Found a shadowy altar of Dithmenos.
    64 | D        | Found a snail-covered altar of Cheibriados.
    66 | D        | Found a radiant altar of Vehumet.
    66 | D        | Found a corrupted altar of Lugonu.
    67 | D        | Found a hide-covered altar of Uskayaw.
    67 | D        | Found an ancient bone altar of Kikubaaqudgha.
    67 | D        | Found a broken altar of Ashenzari.
   129 | D        | Became a worshipper of Nemelex Xobeh the Trickster
   153 | D        | Reached skill level 1 in Fighting
   153 | D        | Reached skill level 1 in Short Blades
   153 | D        | Reached skill level 1 in Long Blades
   153 | D        | Reached skill level 1 in Axes
   153 | D        | Reached skill level 1 in Maces & Flails
   153 | D        | Reached skill level 1 in Polearms
   153 | D        | Reached skill level 1 in Staves
   153 | D        | Reached skill level 1 in Ranged Weapons
   153 | D        | Reached skill level 1 in Throwing
   153 | D        | Reached skill level 1 in Armour
   153 | D        | Reached skill level 1 in Dodging
   153 | D        | Reached skill level 1 in Stealth
   153 | D        | Reached skill level 1 in Unarmed Combat
   153 | D        | Reached skill level 1 in Hexes
   153 | D        | Reached skill level 1 in Summonings
   153 | D        | Reached skill level 1 in Necromancy
   153 | D        | Reached skill level 1 in Translocations
   153 | D        | Reached skill level 1 in Transmutations
   153 | D        | Reached skill level 1 in Fire Magic
   153 | D        | Reached skill level 1 in Air Magic
   153 | D        | Reached skill level 1 in Earth Magic
   153 | D        | Reached skill level 1 in Poison Magic
   153 | D        | Reached skill level 1 in Invocations
   153 | D        | Reached XP level 2. HP: 2/21 MP: 6/6
   257 | D        | HP: 1/22 [jackal (2)]
   258 | D        | Slain by an adder zombie

Illustrated notes

Levels and vault maps discovered:
D:        pitsprint [storerooms_1, entrance_room_1, metal_vault_2, armoury_2,
          mini_pit_1, grid_room_1, main_hall_1, silver_pit, the_coven_2,
          the_vestibule_1, steel_vault_1, golden_pit, hallway_of_sentries,
          crystal_vault_6, iron_vault_5, final_vault]

Skill      XL: |  1  2 |
---------------+-------+-----
Fighting       | 1 |  1.7
Short Blades   | 1 |  1.7
Long Blades    | 1 |  1.7
Axes           | 1 |  1.7
Maces & Flails | 1 |  1.7
Polearms       | 1 |  1.7
Staves         | 1 |  1.7
Ranged Weapons | 1 |  1.7
Throwing       | 1 |  1.7
Armour         | 1 |  1.7
Dodging        | 1 |  1.7
Stealth        | 1 |  1.7
Unarmed Combat | 1 |  1.7
Spellcasting   | 3 |  3.3
Hexes          | 1 |  1.3
Summonings     | 1 |  1.3
Necromancy     | 1 |  1.3
Translocations | 1 |  1.3
Transmutations | 1 |  1.3
Fire Magic     | 1 |  1.3
Air Magic      | 1 |  1.3
Earth Magic    | 1 |  1.3
Poison Magic   | 1 |  1.3
Invocations    | 1 2 |  2.0
Shields        | 3 |  3.1
Conjurations   | 4 |  4.0
Evocations     | 3 |  3.1
Ice Magic      | |  8.9

Action                     || total
---------------------------++-------
  Melee: Club              ||    11
         Falchion          ||    23
         Bite              ||     2
 Armour: Robe              ||    16
  Dodge: Dodged            ||    35
  Block: Buckler           ||    12

Table legend: (Time is in decaauts)
 A = Elapsed time spent in this place.
 B = Non-inter-level travel time spent in this place.
 C = Inter-level travel time spent in this place.
 D = Time resting spent in this place.
 E = Time spent auto-exploring this place.
 F = Levels seen in this place.
 G = Mean time per level.
                   A        B        C        D        E       F      G
               +--------+--------+--------+--------+--------+-----+--------+
         Total |    267 |    267 |      0 |     81 |      0 |   1 |  267.0 |
       Dungeon |    267 |    267 |      0 |     81 |      0 |   1 |  267.0 |
               +--------+--------+--------+--------+--------+-----+--------+

Top non-repeatable levels by time:
       D: 267 daAuts
